Map: Old Estate

Players

MacrosPL - Winner!

  • Race: Protoss Protoss
  • Spawn Location: 1:00

DisDooM - Winner!

  • Race: Terran Terran
  • Spawn Location: 3:00

Sadox - Winner!

  • Race: Zerg Zerg
  • Spawn Location: 1:00

Thyrion - Winner!

  • Race: Terran Terran
  • Spawn Location: 3:00

SPISUR

  • Race: Protoss Protoss
  • Spawn Location: 9:00

Kemosahbe

  • Race: Protoss Protoss
  • Spawn Location: 7:00

Nigrnog

  • Race: Zerg Zerg
  • League: Gold
  • Spawn Location: 7:00

MooEsqoo

  • Race: Protoss Protoss
  • Spawn Location: 7:00

VOD

Have the link to the VOD?

Description

Time

  • Played on: Jan. 22, 2020, 4:28 a.m.
  • Length: 18:11
Show
View Real Time Build Order
Export as new Build Order

MacrosPL Protoss - Winner!

Build Orders: Nexus First, Carriers 

Get SALT Encoding   

  12  0:44  Probe (Chrono Boost)  
  12  0:47  Nexus  
  13  0:56  Probe (Chrono Boost)  
  14  1:03  Probe (Chrono Boost)  
  15  1:24  Pylon  
  15  1:42  Probe  
  16  1:49  Gateway  
  16  1:53  Forge  
  16  1:54  Probe  
  17  2:07  Probe  
  18  2:08  Pylon  
  18  2:19  Probe  
  19  2:31  Probe  
  20  2:43  Probe  
  21  2:50  Photon Cannon  
  21  2:53  Pylon  
  21  2:58  Assimilator  
  21  3:03  Assimilator  
  21  3:06  Photon Cannon  
  21  3:10  Photon Cannon  
  21  3:21  Photon Cannon  
  21  3:41  Cybernetics Core  
  21  4:16  Pylon  
  21  4:22  Nexus  
  21  4:30  Pylon  
  21  4:33  Probe (Chrono Boost)  
  22  4:41  Probe (Chrono Boost)  
  22  4:44  Probe (Chrono Boost)  
  24  4:49  Probe (Chrono Boost)  
  26  4:53  Probe (Chrono Boost)  
  26  4:57  Probe (Chrono Boost)  
  28  5:02  Probe (Chrono Boost)  
  28  5:03  Probe (Chrono Boost)  
  29  5:07  Photon Cannon  
  29  5:09  Photon Cannon  
  29  5:11  Probe  
  29  5:12  Probe  
  31  5:15  Shield Battery  
  31  5:23  Probe (Chrono Boost)  
  31  5:25  Probe (Chrono Boost)  
  33  5:30  Pylon  
  33  5:32  Assimilator  
  34  5:36  Probe (Chrono Boost), Assimilator  
  34  5:44  Probe (Chrono Boost)  
  35  5:50  Probe  
  35  5:55  Photon Cannon  
  35  5:56  Photon Cannon  
  36  6:01  Probe (Chrono Boost)  
  38  6:07  Probe (Chrono Boost)  
  38  6:10  Photon Cannon  
  39  6:12  Probe (Chrono Boost)  
  39  6:17  Probe (Chrono Boost)  
  40  6:28  Probe  
  41  6:33  Stargate  
  41  6:35  Stargate  
  41  6:37  Stargate  
  41  6:39  Stargate  
  41  6:40  Probe  
  41  6:43  Stargate  
  42  6:52  Probe (Chrono Boost)  
  44  6:55  Probe (Chrono Boost)  
  44  7:01  Protoss Air Weapons Level 1  
  44  7:04  Probe (Chrono Boost)  
  44  7:06  Probe (Chrono Boost)  
  46  7:12  Probe (Chrono Boost)  
  46  7:13  Probe (Chrono Boost), Assimilator  
  48  7:16  Pylon  
  48  7:18  Probe (Chrono Boost)  
  48  7:19  Probe, Shield Battery  
  50  7:26  Forge  
  50  7:27  Cybernetics Core  
  50  7:30  Probe  
  50  7:31  Probe  
  50  7:33  Pylon  
  50  7:36  Photon Cannon  
  52  7:38  Photon Cannon  
  52  7:42  Probe (Chrono Boost)  
  54  7:52  Fleet Beacon, Probe (Chrono Boost)  
  54  7:57  Probe (Chrono Boost)  
  54  7:58  Protoss Ground Weapons Level 1  
  54  8:00  Protoss Ground Armor Level 1  
  55  8:09  Probe  
  53  8:14  Photon Cannon x2  
  53  8:16  Photon Cannon  
  53  8:18  Protoss Air Armor Level 1  
  48  8:22  Probe  
  42  8:34  Probe  
  40  8:39  Probe  
  40  8:40  Pylon  
  41  8:46  Probe  
  42  8:51  Probe, Carrier  
  49  8:58  Probe  
  50  9:03  Probe (Chrono Boost)  
  50  9:05  Carrier  
  57  9:15  Probe x2 (Chrono Boost)  
  59  9:20  Photon Cannon  
  59  9:21  Photon Cannon  
  59  9:22  Probe (Chrono Boost)  
  60  9:31  Probe (Chrono Boost)  
  62  9:33  Probe (Chrono Boost)  
  62  9:42  Probe (Chrono Boost)  
  64  9:45  Probe (Chrono Boost)  
  64  9:47  Probe (Chrono Boost)  
  64  9:52  Nexus  
  65  9:57  Pylon  
  65  9:59  Probe (Chrono Boost)  
  66  10:00  Assimilator  
  66  10:02  Probe (Chrono Boost)  
  66  10:05  Assimilator  
  67  10:13  Probe (Chrono Boost)  
  69  10:14  Probe (Chrono Boost)  
  69  10:18  Probe (Chrono Boost)  
  70  10:29  Probe  
  71  10:41  Probe  
  72  10:47  Mothership (Chrono Boost)  
  80  11:05  Nexus, Assimilator  
  80  11:12  Pylon, Protoss Shields Level 1  
  80  11:17  Unknown, Pylon  
  80  11:31  Pylon  
  80  11:32  Protoss Air Weapons Level 2  
  80  11:34  Pylon  
  80  11:36  Pylon  
  80  11:38  Shield Battery  
  80  11:40  Shield Battery  
  80  11:46  Twilight Council  
  80  11:59  Photon Cannon  
  80  12:00  Photon Cannon  
  80  12:02  Photon Cannon  
  86  12:15  Carrier  
  86  12:16  Carrier  
  86  12:17  Carrier  
  86  12:18  Carrier  
  86  12:19  Carrier  
  103  13:26  Stargate  
  102  13:27  Stargate  
  102  13:30  Stargate  
  102  13:31  Stargate  
  102  13:37  Stargate  
  102  14:05  Carrier  
  102  14:06  Carrier  
  102  14:07  Carrier  
  102  14:08  Carrier  
  102  14:09  Carrier  
  132  14:25  Probe (Chrono Boost)  
  133  14:34  Protoss Air Weapons Level 3  
  133  14:35  Protoss Air Armor Level 2  
  133  14:36  Probe (Chrono Boost)  
  134  14:40  Pylon  
  134  14:41  Probe (Chrono Boost)  
  134  14:42  Pylon  
  134  14:44  Pylon  
  135  14:46  Pylon  
  135  14:49  Protoss Ground Weapons Level 2  
  135  14:52  Probe  
  136  15:04  Probe  
  137  15:07  Carrier  
  137  15:08  Carrier x4  
  167  15:14  Carrier  
  173  16:13  Void Ray  
  177  16:38  Anion Pulse-Crystals  
  177  18:01  Pylon  
  177  18:02  Pylon  
  177  18:04  Pylon  
  177  18:05  Pylon  
Show
View Real Time Build Order
Export as new Build Order

DisDooM Terran - Winner!

Build Orders:  

Get SALT Encoding   

  12  2:48  SCV  
  13  2:52  Refinery  
  13  3:00  SCV, Command Center  
  13  3:01  Refinery  
  14  3:10  Supply Depot  
  14  3:19  Engineering Bay  
  14  3:20  SCV  
  15  3:33  SCV, Barracks  
  16  3:40  Barracks  
  16  3:45  SCV  
  17  3:57  SCV  
  17  4:02  Supply Depot  
  18  4:09  SCV  
  19  4:21  Factory, SCV  
  20  4:28  Barracks Tech Lab  
  20  4:31  Missile Turret  
  20  4:33  SCV  
  20  4:36  Barracks Reactor  
  21  4:39  Missile Turret  
  21  4:45  SCV  
  22  4:49  SCV, Missile Turret  
  23  4:57  SCV  
  23  4:58  Marauder  
  25  5:01  SCV  
  25  5:06  Factory Reactor  
  26  5:12  Starport  
  26  5:13  SCV  
  27  5:15  Marine  
  27  5:16  Marine  
  29  5:25  SCV  
  30  5:29  SCV  
  30  5:30  Marine  
  30  5:31  Supply Depot  
  30  5:32  Marine  
  33  5:40  SCV  
  33  5:41  SCV  
  35  5:48  Marine  
  35  5:49  Marauder  
  38  5:52  SCV  
  38  5:53  SCV  
  40  6:02  Factory Tech Lab  
  40  6:05  Medivac x2, SCV  
  40  6:06  Marine  
  40  6:07  Marine  
  41  6:14  SCV  
  42  6:24  SCV  
  43  6:26  SCV  
  43  6:29  Marine x2  
  43  6:30  Marauder  
  48  6:36  SCV  
  49  6:40  Missile Turret  
  49  6:41  SCV  
  50  6:49  SCV  
  51  6:56  Siege Tank  
  54  7:10  Supply Depot  
  54  7:11  Supply Depot  
  54  7:32  Marine x3, SCV  
  58  7:43  Refinery  
  58  7:44  SCV, Orbital Command  
  58  7:50  Viking x2  
  63  7:55  Starport  
  63  7:56  SCV  
  64  8:03  Marine  
  64  8:04  Marine, Starport  
  66  8:08  SCV  
  67  8:18  Stimpack  
  67  8:31  Marine x2  
  69  8:48  Marine  
  70  9:03  Marine  
  70  9:05  Marauder  
  70  9:06  Marine  
  55  9:17  Missile Turret  
  55  9:18  Missile Turret  
  55  9:23  Widow Mine  
  57  9:26  Marauder  
  57  9:30  Marine  
  57  9:31  Marine  
  61  9:36  Missile Turret  
  61  9:40  Missile Turret x2  
  61  9:41  SCV  
  61  9:42  SCV  
  61  9:45  Starport Reactor, Widow Mine  
  65  9:46  Starport Reactor  
  65  9:48  Marine  
  68  9:53  SCV  
  68  9:54  SCV  
  68  9:58  Viking  
  70  10:08  Supply Depot  
  70  10:11  Supply Depot  
  70  10:18  Missile Turret  
  70  10:29  Viking, SCV x2  
  70  10:30  Siege Tank  
  77  10:37  Supply Depot  
  77  10:41  SCV x2  
  77  10:42  Supply Depot  
  79  10:53  Viking x3, SCV  
  86  11:02  Refinery  
  86  11:06  SCV  
  87  11:18  SCV  
  88  11:20  Armory  
  88  11:23  Supply Depot  
  88  11:27  Viking  
  88  11:30  SCV  
  91  11:54  Viking  
  91  11:55  Viking x3  
  67  12:27  Missile Turret  
  51  13:13  Viking x2  
  51  13:14  Viking x4  
  62  13:31  SCV x2  
  64  13:43  Viking x2, SCV x2  
  64  13:45  Siege Tank  
  64  13:46  Marine  
  64  13:47  Marauder  
  76  13:55  SCV x2  
  78  14:09  Marauder  
  80  14:12  Medivac x2  
  80  14:16  Marine x2  
  86  14:17  Siege Tank  
  89  14:30  Marine  
  90  14:33  Missile Turret  
  90  14:34  Marine  
  90  14:35  Factory, Missile Turret  
  91  14:41  Missile Turret  
  91  14:43  Missile Turret  
  91  14:48  Marine x2  
  91  14:50  Widow Mine  
  91  14:51  Marine  
  96  14:53  Terran Infantry Weapons Level 1  
  96  14:55  Concussive Shells  
  96  15:06  Marine x2  
  91  15:09  Marine  
  91  15:11  Widow Mine  
  83  15:24  Marine x2  
  83  15:25  SCV  
  83  15:27  Marine  
  87  15:37  SCV, Combat Shield  
  87  15:40  SCV  
  91  15:42  Marauder  
  91  15:49  SCV  
  92  15:52  SCV  
  93  16:01  SCV  
  94  16:04  SCV  
  93  16:14  SCV  
  93  16:16  SCV  
Show
View Real Time Build Order
Export as new Build Order

Sadox Zerg - Winner!

Build Orders: Pool First 

Get SALT Encoding   

  12  0:13  Drone x2  
  14  0:17  Overlord  
  14  0:38  Drone  
  14  0:41  Drone  
  16  0:51  Drone  
  17  1:03  Spawning Pool  
  16  1:10  Drone x2, Extractor  
  17  1:25  Hatchery  
  16  1:32  Drone x2  
  18  2:10  Queen  
  18  2:12  Drone x2  
  22  2:15  Extractor  
  21  2:28  Drone  
  22  2:32  Overlord  
  22  2:40  Zergling x4  
  24  2:44  Metabolic Boost  
  24  2:46  Zergling x2  
  25  2:58  Drone x2  
  27  3:27  Zergling x4  
  27  3:28  Zergling x12  
  33  3:56  Zergling x6  
  33  3:58  Overlord  
  36  4:14  Overlord x2  
  35  4:27  Lair  
  35  4:29  Zergling x8  
  39  4:33  Zergling x4  
  41  4:52  Drone x2  
  40  5:09  Drone x5  
  40  5:10  Drone  
  46  5:23  Spore Crawler  
  45  5:29  Spore Crawler  
  44  5:41  Drone x4  
  44  5:42  Drone x3  
  44  6:05  Hatchery  
  44  6:10  Extractor  
  42  6:15  Extractor  
  41  6:18  Drone x2, Hydralisk Den  
  41  6:19  Drone x4  
  46  6:30  Overseer  
  46  6:32  Pneumatized Carapace  
  46  6:44  Spore Crawler  
  45  7:10  Drone  
  45  7:11  Drone x3  
  45  7:12  Drone x3  
  45  7:13  Drone  
  45  7:14  Muscular Augments  
  53  7:15  Hydralisk x2  
  57  7:36  Drone x3  
  60  7:44  Evolution Chamber x2  
  60  7:46  Evolution Chamber, Hatchery  
  60  7:47  Hydralisk x5  
  60  7:49  Overlord x3  
  66  8:10  Hydralisk x5  
  66  8:11  Hydralisk  
  78  8:26  Grooved Spines  
  78  8:54  Hydralisk x4  
  78  8:55  Hydralisk x2  
  90  8:58  Overlord x3  
  90  9:06  Infestation Pit  
  89  9:11  Zerg Melee Weapons Level 1, Zerg Missile Weapons Level 1, Zerg Ground Armor Level 1  
  89  9:17  Hydralisk x5  
  99  9:38  Drone x3  
  100  9:39  Drone x8  
  100  9:40  Drone  
  100  9:44  Hydralisk  
  100  9:45  Spore Crawler  
  112  9:47  Hydralisk  
  112  9:51  Hydralisk  
  116  10:01  Hydralisk x2  
  116  10:04  Overlord  
  116  10:05  Overlord  
  120  10:09  Overlord  
  120  10:27  Hydralisk x3  
  120  10:28  Hydralisk x4  
  130  11:05  Extractor  
  130  11:08  Extractor  
  130  11:11  Hydralisk x3  
  128  11:12  Overlord  
  128  11:13  Overlord x6  
  134  11:19  Hive  
  134  11:22  Zerg Missile Weapons Level 2, Zerg Melee Weapons Level 2  
  134  11:23  Zerg Ground Armor Level 2  
  134  11:43  Hydralisk x4  
  134  11:44  Hydralisk x5  
  134  11:46  Hydralisk  
  154  11:49  Overlord  
  154  12:29  Hydralisk x6  
  160  12:30  Hydralisk x7  
  160  12:31  Hydralisk  
  173  12:58  Drone x2  
  174  13:34  Hydralisk x5  
  174  13:35  Hydralisk x3  
  174  13:36  Overlord  
  174  13:37  Overlord x2  
  187  14:43  Zerg Melee Weapons Level 3, Zerg Missile Weapons Level 3  
  187  14:44  Zerg Ground Armor Level 3  
  182  15:32  Hatchery  
  181  15:53  Hydralisk x5  
  181  15:54  Hydralisk x4  
  189  17:46  Hydralisk x5  
Show
View Real Time Build Order
Export as new Build Order

Thyrion Terran - Winner!

Build Orders:  

Get SALT Encoding   

  12  0:01  SCV  
  13  0:13  SCV  
  14  0:25  SCV  
  15  0:38  Supply Depot  
  15  0:42  Refinery  
  15  0:54  Supply Depot  
  15  0:59  SCV  
  16  1:05  Barracks  
  16  1:14  SCV  
  17  1:26  SCV  
  18  1:39  Command Center  
  18  1:53  Engineering Bay  
  18  1:54  Marine  
  18  2:00  SCV  
  20  2:08  Refinery  
  20  2:12  Marine  
  21  2:23  Supply Depot  
  21  2:50  Command Center  
  21  2:53  SCV  
  22  3:32  Marine  
  23  3:44  SCV  
  24  3:50  Marine  
  24  3:52  Refinery  
  24  3:53  Refinery  
  24  3:54  SCV  
  26  3:56  SCV  
  26  4:02  SCV  
  28  4:08  SCV  
  29  4:14  SCV  
  30  4:20  SCV  
  31  4:26  Factory, SCV  
  32  4:33  Refinery, SCV  
  32  4:34  Refinery  
  33  4:38  SCV  
  33  4:44  SCV  
  33  4:45  SCV  
  36  4:50  SCV  
  37  4:56  SCV  
  37  4:57  Supply Depot  
  38  5:02  SCV  
  38  5:05  Supply Depot  
  37  5:15  SCV  
  35  5:24  Missile Turret  
  35  5:30  SCV  
  35  5:34  Missile Turret  
  36  5:41  Missile Turret  
  36  5:42  SCV  
  37  5:54  SCV x2  
  39  6:06  SCV x2  
  39  6:08  Armory  
  41  6:18  SCV  
  41  6:24  Armory  
  42  6:30  SCV  
  42  6:31  Missile Turret  
  43  6:41  SCV x2  
  43  6:43  SCV  
  46  6:53  SCV  
  46  6:54  SCV  
  48  6:55  SCV  
  49  7:06  SCV x2  
  51  7:18  SCV  
  52  7:29  Command Center  
  52  7:32  Starport  
  52  7:35  Starport  
  52  7:39  Starport  
  52  7:45  Starport  
  52  7:51  Starport  
  52  7:55  Starport  
  52  7:57  Terran Ship Weapons Level 1  
  52  8:01  Terran Vehicle And Ship Armor Level 1  
  52  8:07  Orbital Command  
  52  8:15  Orbital Command  
  52  8:33  Fusion Core  
  52  8:36  Starport Tech Lab x3  
  52  8:37  Starport Tech Lab x2  
  52  8:38  Starport Tech Lab  
  51  8:57  Supply Depot  
  51  9:00  Supply Depot  
  51  9:02  Supply Depot  
  51  9:05  Supply Depot  
  51  9:07  Orbital Command  
  51  9:16  Missile Turret  
  51  9:19  SCV  
  51  9:22  Supply Depot  
  52  9:25  Weapon Refit  
  52  9:26  Supply Depot  
  52  9:31  SCV  
  52  9:32  SCV  
  52  9:37  Refinery  
  54  9:43  SCV  
  54  9:44  SCV  
  56  9:47  Battlecruiser  
  56  9:52  Terran Ship Weapons Level 2  
  62  9:56  SCV  
  62  9:57  Terran Vehicle And Ship Armor Level 2  
  63  10:04  SCV  
  64  10:16  SCV  
  64  10:17  Missile Turret  
  64  10:18  Battlecruiser, Missile Turret  
  71  10:28  SCV  
  72  10:29  Missile Turret x3  
  72  10:37  Battlecruiser  
  72  10:40  SCV  
  79  10:47  Missile Turret x2  
  79  10:50  Missile Turret  
  79  10:55  Battlecruiser  
  85  11:01  SCV  
  86  11:08  Battlecruiser  
  92  11:13  SCV  
  92  11:16  Battlecruiser  
  99  11:25  Battlecruiser  
  105  11:35  Battlecruiser  
  111  11:43  Battlecruiser  
  117  11:59  Battlecruiser  
  123  12:08  Missile Turret x2  
  123  12:09  Missile Turret  
  123  12:10  Missile Turret, Terran Ship Weapons Level 3  
  123  12:13  Terran Vehicle And Ship Armor Level 3  
  122  12:23  Battlecruiser  
  126  12:39  Battlecruiser  
  131  12:49  Battlecruiser  
  137  13:02  SCV  
  138  13:06  Battlecruiser  
  144  13:14  SCV  
  145  13:26  SCV  
  146  13:27  Battlecruiser x2  
  158  13:35  Battlecruiser  
  158  13:38  SCV  
  165  13:43  Battlecruiser  
  171  13:50  SCV  
  172  13:58  Refinery  
  172  14:03  Missile Turret  
  172  14:04  Missile Turret  
  172  14:05  Missile Turret  
  172  14:06  Missile Turret x2  
  172  14:07  Missile Turret  
  172  14:15  Supply Depot  
  172  14:20  Supply Depot  
  172  14:25  Missile Turret  
  172  14:27  Missile Turret  
  172  14:37  Battlecruiser  
  178  14:42  Battlecruiser  
  184  15:06  Command Center  
  184  15:11  Battlecruiser  
  188  15:47  Battlecruiser  
  188  15:49  Battlecruiser  
  188  15:53  Battlecruiser  
  188  15:55  Battlecruiser  
  188  16:00  Battlecruiser  
  182  16:15  Battlecruiser  
  158  16:51  Battlecruiser  
  158  16:53  Battlecruiser  
  152  16:57  Battlecruiser  
  152  16:59  Battlecruiser  
  146  17:04  Battlecruiser  
Show
View Real Time Build Order
Export as new Build Order

SPISUR Protoss 

Build Orders:  

Get SALT Encoding   

  12  0:07  Probe  
  13  0:17  Pylon  
  13  0:25  Probe (Chrono Boost)  
  15  0:37  Probe (Chrono Boost)  
  15  0:47  Forge  
  15  0:53  Gateway  
  15  0:58  Probe  
  16  1:10  Probe  
  17  1:34  Pylon  
  17  1:38  Pylon  
  17  1:42  Pylon  
  17  1:55  Photon Cannon  
  16  2:25  Zealot (Chrono Boost)  
  18  3:00  Photon Cannon  
  18  3:03  Photon Cannon  
  18  3:05  Photon Cannon  
  18  3:06  Photon Cannon  
  18  3:09  Photon Cannon  
  18  3:11  Pylon  
  17  3:55  Zealot (Chrono Boost)  
  16  4:28  Probe  
  17  4:40  Probe  
  18  4:47  Assimilator  
  18  4:52  Probe  
  19  4:53  Assimilator  
  17  5:04  Probe, Cybernetics Core  
  18  5:12  Zealot  
  20  5:16  Probe  
  21  5:31  Probe  
  22  5:43  Probe  
  23  6:10  Pylon x2  
  23  6:12  Pylon x2  
  23  6:21  Robotics Facility  
  23  6:28  Probe  
  24  6:42  Warp Gate  
  24  6:43  Nexus  
  24  6:44  Assimilator  
  24  7:11  Immortal (Chrono Boost)  
  28  7:37  Robotics Facility  
  28  7:43  Immortal (Chrono Boost)  
  32  7:56  Probe (Chrono Boost)  
  34  8:07  Probe (Chrono Boost)  
  34  8:11  Probe (Chrono Boost)  
  35  8:20  Immortal (Chrono Boost)  
  35  8:22  Probe  
  40  8:28  Assimilator  
  40  8:35  Probe  
  41  8:45  Immortal  
  41  8:47  Probe  
  46  8:52  Observer  
  45  8:59  Probe  
  43  9:13  Immortal  
  43  9:15  Probe  
  48  9:25  Immortal  
  48  9:27  Stalker, Probe  
  55  9:53  Immortal  
  59  10:04  Immortal  
  63  10:16  Stalker  
  65  10:25  Pylon  
  65  10:29  Pylon  
  65  10:32  Immortal  
  69  10:43  Observer  
  70  11:04  Immortal  
  78  11:11  Immortal  
  78  11:32  Stalker  
  80  11:44  Immortal  
  84  12:24  Pylon  
  84  12:25  Pylon  
  84  12:33  Pylon  
  84  12:42  Immortal x2  
  92  13:21  Immortal  
  51  14:49  Immortal  
  51  14:50  Immortal  
  59  15:29  Immortal x2  
  67  16:08  Immortal x2  
Show
View Real Time Build Order
Export as new Build Order

Kemosahbe Protoss 

Build Orders:  

Get SALT Encoding   

  12  0:02  Probe (Chrono Boost)  
  14  0:14  Probe (Chrono Boost)  
  14  0:21  Pylon  
  14  0:25  Probe  
  15  0:39  Probe  
  15  0:41  Assimilator  
  16  1:03  Gateway  
  16  1:07  Probe (Chrono Boost)  
  17  1:17  Probe (Chrono Boost)  
  18  1:21  Probe (Chrono Boost)  
  19  1:31  Forge  
  19  1:36  Assimilator  
  19  1:38  Probe  
  20  1:52  Probe  
  21  1:55  Zealot (Chrono Boost)  
  23  2:23  Pylon  
  23  2:41  Probe, Zealot  
  26  2:53  Probe  
  27  3:03  Cybernetics Core  
  27  3:08  Zealot  
  29  3:26  Nexus  
  29  3:30  Pylon  
  29  3:32  Assimilator  
  29  3:34  Protoss Ground Weapons Level 1  
  29  3:35  Zealot  
  29  3:36  Assimilator  
  31  3:43  Warp Gate  
  31  4:08  Stargate  
  31  4:09  Stargate  
  31  4:45  Probe (Chrono Boost)  
  33  4:55  Probe (Chrono Boost)  
  33  4:56  Probe (Chrono Boost)  
  34  5:02  Probe (Chrono Boost)  
  34  5:04  Probe (Chrono Boost)  
  28  5:07  Probe (Chrono Boost)  
  28  5:09  Phoenix x2  
  28  5:12  Probe  
  34  5:18  Probe  
  35  5:24  Probe  
  36  5:31  Probe  
  36  5:34  Void Ray x2  
  45  5:37  Protoss Air Weapons Level 1  
  45  5:44  Gateway x2  
  45  5:47  Gateway  
  45  5:57  Probe (Chrono Boost)  
  47  6:05  Probe (Chrono Boost)  
  47  6:07  Probe (Chrono Boost)  
  49  6:13  Probe (Chrono Boost)  
  49  6:15  Probe (Chrono Boost)  
  49  6:17  Probe (Chrono Boost)  
  50  6:23  Probe  
  52  6:27  Protoss Ground Armor Level 1  
  52  6:28  Probe  
  53  6:35  Probe, Pylon  
  53  6:36  Pylon  
  54  6:53  Probe  
  55  6:58  Robotics Facility x2  
  55  7:13  Phoenix  
  55  7:14  Phoenix  
  59  7:46  Protoss Air Armor Level 1  
  59  8:16  Void Ray x2  
  67  8:29  Robotics Bay  
  67  8:32  Fleet Beacon  
  67  8:35  Protoss Shields Level 1  
  67  8:43  Stalker  
  67  8:47  Nexus  
  69  8:49  Pylon  
  69  8:50  Pylon x2  
  69  8:53  Assimilator, Pylon  
  69  8:54  Assimilator  
  61  11:06  Probe (Chrono Boost)  
  70  11:13  Carrier x2  
  70  11:16  Probe (Chrono Boost)  
  83  11:18  Colossus  
  83  11:19  Colossus, Mothership (Chrono Boost)  
  83  11:21  Probe (Chrono Boost)  
  96  11:30  Extended Thermal Lance  
  96  11:32  Probe  
  97  11:44  Probe  
  98  11:56  Unknown  
  98  12:06  Stalker x2  
  98  12:07  Stalker x2  
  106  12:12  Colossus  
  112  12:30  Probe (Chrono Boost), Pylon  
  112  12:33  Pylon  
  112  12:34  Pylon  
  113  12:40  Probe (Chrono Boost)  
  113  12:41  Photon Cannon  
  113  12:43  Photon Cannon  
  114  12:44  Probe (Chrono Boost)  
  114  12:46  Photon Cannon  
  114  12:48  Colossus  
  121  12:56  Probe  
  121  12:58  Shield Battery  
  122  12:59  Shield Battery  
  122  13:05  Colossus  
  122  13:06  Carrier x2  
  122  13:08  Probe  
  141  13:29  Pylon  
  141  13:36  Pylon  
  141  13:46  Colossus, Nexus  
  141  13:47  Probe  
  148  13:49  Assimilator  
  148  13:53  Assimilator  
  148  13:57  Pylon  
  148  13:59  Colossus, Probe  
  148  14:00  Pylon  
  148  14:02  Pylon  
  155  14:07  Sentry  
  157  14:15  Probe  
  158  14:45  Twilight Council  
  158  14:54  Probe (Chrono Boost)  
  158  14:59  Stalker  
  161  15:00  Stalker x3  
  161  15:04  Probe (Chrono Boost)  
  150  15:09  Probe (Chrono Boost)  
  34  16:27  Cybernetics Core  
  34  16:48  Forge  
  34  16:55  Pylon  
  34  16:59  Pylon  
  34  17:04  Pylon  
  34  17:27  Stargate  
  29  17:40  Stalker x2  
  29  17:41  Stalker  
Show
View Real Time Build Order
Export as new Build Order

Nigrnog Zerg 

Build Orders: 3 Hatch before Pool 

Get SALT Encoding   

  12  0:02  Drone  
  13  0:13  Overlord  
  13  0:18  Drone  
  14  0:22  Extractor  
  14  0:24  Drone  
  14  0:45  Drone x2  
  14  0:48  Drone  
  17  0:58  Drone  
  18  1:10  Hatchery  
  17  1:12  Drone  
  17  1:17  Drone  
  19  1:48  Hatchery  
  19  1:49  Spawning Pool  
  19  1:52  Drone  
  18  1:57  Drone  
  19  2:04  Drone x2  
  21  2:15  Drone  
  22  2:31  Drone  
  22  2:36  Queen  
  25  2:38  Queen  
  25  2:42  Overlord, Drone  
  28  2:49  Overlord  
  28  2:55  Evolution Chamber  
  28  2:58  Baneling Nest  
  26  3:07  Extractor  
  25  3:14  Drone x2  
  25  3:15  Drone x3  
  30  3:22  Queen  
  32  3:28  Overlord  
  32  3:37  Zerg Ground Armor Level 1  
  32  3:42  Metabolic Boost  
  32  3:51  Drone x3  
  32  3:53  Drone  
  36  3:56  Drone  
  36  4:00  Extractor  
  36  4:03  Drone, Extractor  
  36  4:04  Drone  
  37  4:14  Lair  
  37  4:22  Overlord  
  37  4:23  Overlord  
  37  4:24  Drone  
  38  4:27  Drone  
  38  4:28  Drone  
  40  4:48  Queen  
  40  4:52  Drone x8  
  50  5:01  Drone x4  
  50  5:03  Drone  
  50  5:06  Overlord  
  55  5:08  Drone  
  55  5:10  Drone  
  57  5:18  Drone x2  
  59  5:21  Drone  
  59  5:22  Drone x3  
  59  5:24  Overlord  
  63  5:43  Spire  
  63  5:45  Spore Crawler  
  63  5:46  Spire  
  63  5:47  Spore Crawler  
  63  5:49  Spore Crawler  
  58  5:53  Spore Crawler  
  58  5:55  Spore Crawler  
  58  5:56  Overlord  
  56  5:57  Drone  
  56  5:58  Drone x3  
  56  6:00  Drone  
  56  6:02  Drone  
  56  6:03  Drone  
  63  6:06  Drone x2  
  63  6:08  Drone  
  63  6:10  Drone  
  67  6:11  Drone  
  67  6:13  Drone  
  69  6:24  Extractor  
  68  6:26  Extractor  
  68  6:30  Hatchery  
  66  6:46  Infestation Pit  
  66  6:47  Drone x8  
  67  6:48  Drone x5  
  67  6:51  Overlord  
  78  7:01  Hatchery  
  78  7:03  Drone  
  78  7:07  Overlord x2  
  78  7:08  Mutalisk x4  
  86  7:32  Mutalisk x3  
  86  7:33  Mutalisk x7  
  106  7:39  Zerg Flyer Weapons Level 1  
  106  7:43  Zerg Flyer Armor Level 1  
  106  7:46  Queen  
  106  7:49  Mutalisk  
  110  7:55  Drone x2  
  110  7:56  Overlord x2  
  110  7:57  Overlord x3  
  112  8:04  Mutalisk  
  112  8:05  Mutalisk  
  116  8:06  Mutalisk  
  116  8:09  Overlord  
  118  8:13  Mutalisk  
  118  8:18  Overseer  
  120  8:22  Pneumatized Carapace  
  120  8:25  Drone  
  120  8:26  Drone, Queen  
  124  8:35  Mutalisk x2  
  128  8:43  Extractor  
  128  8:46  Extractor  
  126  8:54  Mutalisk x2  
  126  8:55  Mutalisk  
  132  8:56  Zergling x6  
  132  8:57  Zergling x14  
  132  8:58  Zergling x10  
  145  9:16  Mutalisk x3  
  151  9:41  Drone x3  
  151  9:43  Overlord x3  
  151  9:44  Overlord, Mutalisk x6  
  166  9:48  Extractor  
  166  9:51  Extractor  
  166  9:52  Mutalisk  
  166  9:58  Mutalisk x2  
  170  10:00  Overlord  
  170  10:01  Overlord x3  
  170  10:19  Drone x6  
  170  10:20  Drone x5  
  166  10:34  Mutalisk x7  
  166  10:35  Mutalisk  
  180  10:39  Drone x4  
  186  11:03  Drone x3  
  186  11:04  Drone x4  
  192  11:07  Mutalisk x3  
  199  11:14  Zerg Flyer Weapons Level 2  
  199  11:16  Zerg Flyer Armor Level 2  
  199  11:42  Overseer x4  
  183  12:15  Mutalisk  
  183  12:16  Mutalisk x7  
  199  12:28  Mutalisk  
  181  13:02  Mutalisk x5  
  181  13:03  Mutalisk x9  
  181  13:04  Mutalisk x2  
  181  13:05  Mutalisk  
  183  13:19  Mutalisk x3  
  179  13:20  Mutalisk x3  
  179  13:21  Mutalisk  
  189  13:28  Corruptor  
  189  13:29  Corruptor  
  183  13:47  Hive  
  183  13:53  Drone x3  
  186  14:05  Corruptor x6  
  186  14:06  Corruptor  
  200  14:21  Overlord x2  
  200  14:37  Overlord x3  
  199  15:05  Hatchery  
  190  15:21  Corruptor x2  
  190  15:22  Corruptor x3  
  200  15:37  Overlord x3  
  200  15:38  Overlord x6  
  200  15:48  Corruptor x2  
  200  15:49  Corruptor x7  
  164  15:57  Corruptor x3  
  164  15:58  Corruptor  
  146  16:12  Corruptor x8  
  146  16:13  Corruptor x2  
  154  16:21  Corruptor x2  
  158  16:31  Corruptor x3, Mutalisk  
  165  16:45  Corruptor x5  
  165  16:46  Corruptor x2  
  152  16:54  Corruptor x3  
  152  16:55  Corruptor x3  
  152  17:02  Corruptor x2  
  152  17:03  Corruptor x2  
  152  17:04  Corruptor  
  155  17:09  Corruptor  
  154  17:22  Corruptor x2  
  144  17:26  Zergling x6  
  128  17:50  Overlord x6  
  128  17:51  Overlord x2  
Show
View Real Time Build Order
Export as new Build Order

MooEsqoo Protoss 

Build Orders: 1 Gate Expand 

Get SALT Encoding   

  12  0:01  Probe  
  13  0:15  Pylon  
  13  0:19  Probe  
  14  0:41  Gateway  
  14  0:46  Probe (Chrono Boost)  
  14  0:49  Assimilator  
  16  0:58  Probe (Chrono Boost)  
  16  1:02  Probe (Chrono Boost)  
  17  1:13  Probe  
  18  1:25  Probe  
  19  1:36  Nexus  
  19  1:37  Probe  
  19  1:39  Pylon  
  20  1:53  Probe  
  21  1:58  Assimilator  
  21  2:06  Probe  
  22  2:18  Gateway  
  22  2:27  Cybernetics Core  
  22  2:38  Probe  
  23  2:50  Probe  
  24  3:03  Gateway  
  24  3:06  Shield Battery  
  24  3:09  Stalker x2  
  24  3:12  Stargate  
  28  3:16  Warp Gate  
  28  3:22  Probe x2  
  30  3:34  Probe x2  
  32  3:44  Shield Battery  
  32  3:46  Pylon  
  32  3:51  Stalker x2  
  32  3:54  Stalker  
  38  4:00  Oracle (Chrono Boost)  
  38  4:09  Probe x2  
  43  4:14  Assimilator  
  43  4:20  Assimilator  
  43  4:26  Robotics Facility  
  43  4:37  Probe x2  
  45  4:46  Oracle  
  45  4:49  Probe x2  
  50  5:12  Probe  
  50  5:13  Probe  
  52  5:25  Probe x2  
  54  5:40  Pylon x2  
  54  5:42  Pylon  
  54  5:43  Pylon  
  54  5:45  Pylon  
  54  5:50  Gateway  
  54  5:54  Gateway  
  54  5:57  Warp Prism  
  56  6:20  Probe  
  56  6:21  Probe  
  58  6:33  Probe x2  
  58  6:34  Observer  
  58  6:45  Probe x2  
  60  6:57  Probe x2  
  62  7:02  Immortal  
  62  7:04  Sentry x2  
  62  7:05  Zealot  
  62  7:06  Zealot x2  
  76  7:09  Probe x2  
  78  7:16  Phoenix  
  78  7:19  Nexus, Forge, Twilight Council  
  78  7:20  Pylon  
  80  7:23  Protoss Air Weapons Level 1, Pylon  
  80  7:27  Assimilator  
  80  7:31  Stalker x3, Assimilator  
  80  7:33  Stalker x2  
  90  8:13  Probe x2  
  92  8:25  Probe x2  
  94  8:54  Stargate  
  94  8:58  Templar Archives, Phoenix (Chrono Boost)  
  96  9:33  Probe x3  
  96  9:37  Phoenix (Chrono Boost)  
  101  9:41  Phoenix (Chrono Boost)  
  101  9:45  Probe x3  
  105  9:51  Immortal  
  110  9:54  Phoenix (Chrono Boost)  
  110  9:55  Phoenix (Chrono Boost)  
  114  10:09  High Templar  
  114  10:10  High Templar  
  114  10:12  Zealot x3  
  124  10:14  Archon  
  124  10:26  Pylon  
  124  10:27  Pylon  
  124  10:29  Pylon  
  124  10:30  Pylon  
  124  10:32  Pylon  
  124  10:35  Pylon  
  124  10:36  Pylon  
  124  10:41  Pylon x2  
  124  10:44  Phoenix, Shield Battery  
  124  10:46  Gateway, Shield Battery  
  124  10:47  Gateway, Shield Battery  
  124  10:49  Shield Battery  
  126  10:50  Gateway  
  126  10:52  Photon Cannon  
  126  10:54  Photon Cannon  
  126  10:55  Gateway  
  126  10:58  Photon Cannon  
  126  10:59  Photon Cannon  
  126  11:00  Zealot x3, Photon Cannon  
  126  11:03  Photon Cannon, High Templar x2  
  136  11:07  Archon  
  136  11:08  Photon Cannon  
  136  11:38  Phoenix (Chrono Boost)  
  136  11:39  Phoenix (Chrono Boost)  
  140  11:41  Protoss Ground Weapons Level 1 (Chrono Boost)  
  140  11:44  Charge (Chrono Boost)  
  140  11:54  Phoenix x2 (Chrono Boost)  
  140  12:00  Protoss Air Armor Level 1 (Chrono Boost)  
  144  12:10  Zealot x5  
  144  12:11  Zealot  
  144  12:14  Warp Prism (Chrono Boost)  
  142  12:19  Phoenix x2  
  148  12:30  High Templar x3  
  148  12:31  High Templar x2  
  148  12:32  High Templar  
  148  12:33  High Templar  
  148  12:36  Archon x3  
  162  12:40  High Templar  
  162  12:41  Zealot  
  162  12:42  Warp Prism  
  162  12:43  Archon  
  168  13:35  Zealot x4  
  168  13:36  Zealot x2  
  176  14:13  Observer (Chrono Boost)  
  177  14:20  Phoenix x2  
  181  14:26  Observer (Chrono Boost)  
  181  14:27  Fleet Beacon  
  181  14:29  Stargate  
  182  14:36  Pylon  
  182  14:45  Phoenix x2  
  184  14:46  Observer  
  187  15:10  Phoenix  
  163  15:57  Phoenix x3  
  163  16:17  Stalker  
  163  16:18  Stalker x5  
  166  16:19  Stalker x2  
  166  16:22  Phoenix x3  
  92  16:47  Phoenix x3  
  98  16:58  Stalker x5  
  98  16:59  Stalker  
  68  17:12  Phoenix  
Tags
 
Add a new tag
Caveats
  • Supply blocks, unpowered buildings, or Contaminate may cause inaccurate times.
  • Supply counts are checked every 10 seconds.